 Dungeon Crawl Stone Soup version 0.17-a0-1719-g1afd5a1 (webtiles) character file.

103 kae the Slasher (level 4, 0/39 HPs)
             Began as a Minotaur Fighter on Aug 28, 2015.
             Killed from afar by an orc wizard (5 damage)
             ... with a puff of flame
             ... on level 3 of the Dungeon.
             The game lasted 00:01:27 (1444 turns).

kae the Slasher (Minotaur Fighter)                  Turns: 1444, Time: 00:01:27

Health: 0/39       AC:  6    Str: 20    XL:     4   Next: 51%
Magic:  3/3        EV:  6    Int:  6    God:
Gold:   145        SH:  8    Dex: 10    Spells: 0 memorised, 3 levels left

rFire  . . .     SeeInvis .     a - +0 long sword
rCold  . . .     Clarity  .     b - +0 scale mail
rNeg   . . .     SustAt   .     c - +0 shield
rPois  .         Gourm    .     (helmet restricted)
rElec  .         Spirit   .     (no cloak)
rCorr  .         Warding  .     (no gloves)
rMut   .         Stasis   .     (no boots)
MR     .....                    (no amulet)
Stlth  ..........               (no ring)
                                (no ring)

@: heavily drained, not resistant to hostile enchantments, extremely unstealthy
A: retaliatory headbutt, horns 2
a: no special abilities


You were on level 3 of the Dungeon.
You were not hungry.

You visited 1 branch of the dungeon, and saw 3 of its levels.

You collected 145 gold pieces.

Inventory:

Hand weapons
 a - a +0 long sword (weapon)
Armour
 b - a +0 scale mail (worn)
 c - a +0 shield (worn)
Scrolls
 f - a scroll of recharging {unknown}
 i - a scroll of enchant armour {unknown}
 k - a scroll of fog {unknown}
 l - 3 scrolls of identify {unknown}
 m - a scroll of teleportation {unknown}
 n - a scroll of immolation {unknown}
Potions
 d - a potion of might
 j - a potion of heal wounds {unknown}
 p - a potion of resistance {unknown}
Comestibles
 e - 2 bread rations
 g - 2 beef jerkies
 h - 3 fruits
 o - a meat ration


   Skills:
 - Level 3.6(1.2) Fighting
 + Level 5.8(3.3) Long Blades
 - Level 3.6(1.2) Armour
 - Level 3.6(1.2) Shields


You had 3 spell levels left.
You didn't know any spells.

Dungeon Overview and Level Annotations

Branches:
Dungeon (3/15)

Altars:
Ru


Innate Abilities, Weirdness & Mutations

You reflexively headbutt those who attack you in melee.
You have a pair of horns on your head.


Message History

Something hits you but does no damage.
You feel drained. You block the kobold's attack. Something hits you.
You feel drained.
Your shield and scale mail prevent you from hitting something.
You hear some strange, mumbled words.
A puff of flame appears from out of thin air!
The puff of flame hits you! The kobold barely misses you.
Something hits you but does no damage.
You feel drained.
You miss something. Something hits you but does no damage.
You feel drained. The kobold barely misses you. Something hits you.
You feel drained.
You completely miss something. Your headbutt misses something.
You hear some strange, mumbled words.
A puff of flame appears from out of thin air!
The puff of flame hits you!
* * * LOW HITPOINT WARNING * * *
The kobold hits you from afar with a trident.
* * * LOW HITPOINT WARNING * * *
You hear some strange, mumbled words.
A puff of flame appears from out of thin air!
The puff of flame hits you!
You die...

.......).............#
........#............#
......#....#........######
.....#.......###.###......
##+####.##<....#..# ......
####..##....##......
#.#####...†.....< ..#
##.#?....... .##
#{@......... .#
#..K..##....... # #..###.#
#...?.. ... ... #.#### #
.>.. .# ...... .# #......
........


You could see a kobold.

Vanquished Creatures
  3 adders
  An ooze (D:2)
  A worm (D:3)
  4 giant geckos
  An orc (D:3)
  6 giant cockroaches
  4 goblins
  10 hobgoblins
  6 jackals
  8 kobolds
  A quokka (D:2)
  6 bats
  2 giant newts (D:1)
  10 rats
63 creatures vanquished.

Notes
Turn   | Place    | Note
--------------------------------------------------------------
     0 | D:1      | kae the Minotaur Fighter began the quest for the Orb.
     0 | D:1      | Reached XP level 1. HP: 19/19 MP: 0/0
    90 | D:1      | Reached XP level 2. HP: 23/26 MP: 1/1
   209 | D:1      | Reached skill level 4 in Long Blades
   477 | D:1      | Reached XP level 3. HP: 31/31 MP: 2/2
   896 | D:2      | Found a faded altar to an unknown god.
   982 | D:2      | Reached skill level 5 in Long Blades
  1019 | D:2      | Found a sacrificial altar of Ru.
  1104 | D:2      | Reached XP level 4. HP: 23/39 MP: 3/3
  1444 | D:3      | Killed from afar by an orc wizard

Vault maps used:
D:1:      dpeg_arrival_arbitrary_b, fountainhead, minmay_ruptured
D:2:      nicolae_ru_awakened_eye, ecumenical_altar_2, nrook_mini_vaults,
          st_stairs_6
D:3:      led_xom_imps, uniq_crazy_yiuf_cottage

Action                   |  1- 3 |  4- 6 || total
-------------------------+-------+-------++-------
Melee: Long sword        |   128 |    46 ||   174
  Eat: Chunk             |     1 |     1 ||     2
